 Dungeon Crawl Stone Soup version 0.15-a0-1808-ge879653 (webtiles) character file.

58756 Wake the Spry (level 14, -2/147 HPs)
             Began as a Merfolk Monk on July 1, 2014.
             Was a High Priest of Okawaru.
             Slain by a sun demon (18 damage)
             ... summoned by an orc high priest
             ... on Level 4 of the Orcish Mines.
             The game lasted 03:13:58 (26014 turns).

Wake the Spry (Merfolk Monk)                       Turns: 26014, Time: 03:13:58

HP  -2/147       AC 16     Str 24      XL: 14   Next: 92%
MP  28/32        EV 20     Int 13      God: Okawaru [*****.]
Gold 965         SH  0     Dex 19      Spells:  7 memorised,  5 levels left

rFire  + + .     SeeInvis .       - Unarmed
rCold  x . .     Clarity  +     x - melded +2 robe {Archmagi}
rNeg   . . .     rCorr    .     X - melded +2 buckler {AC+3}
rPois  +         rRot     .     Q - melded +0 helmet
rElec  +         Spirit   .     D - melded +0 cloak
SustAb .         Warding  .     h - melded +1 pair of gloves of Disaster {rC+}
rMut   +         Stasis   .     y - melded +1 pair of boots
Gourm  .                        b - amulet of Trog's Castigation {rMut Int+3 Slay+4}
MR     +....                    v - ring of wizardry
                                f - ring "Ghackaw" {rElec EV+4 Str+2 Int+1}

@: about to teleport, short of breath, dragon-form, flying, studying Throwing,
somewhat resistant to hostile enchantments, unstealthy
A: (change form in water), (swift swim), clarity, clumsy 1, (cold resistance 0),
(deformed body), (electricity resistance), wild magic 1
a: End Transformation, Heroism, Finesse, Renounce Religion, Breathe Fire


You were on level 4 of the Orcish Mines.
You worshipped Okawaru.
Okawaru was extremely pleased with you.
You were very hungry.
You were a fearsome dragon!
You visited 4 branches of the dungeon, and saw 22 of its levels.
You also visited: Labyrinth.

You collected 2734 gold pieces.
You spent 1769 gold pieces at shops.

Inventory:

Hand weapons
 j - a +1 blowgun
Missiles
 g - 98 poisoned needles
 i - 15 tomahawks
 l - 5 tomahawks of dispersal
 n - 4 tomahawks of returning
 o - 4 steel tomahawks
 z - 5 curare-tipped needles
 B - 3 javelins of penetration
 N - 5 steel javelins (quivered)
Armour
 c - a +1 robe of resistance
 e - a +2 leather armour of magic resistance
 h - the +1 pair of gloves of Disaster (melded) {rC+}
   (Okawaru gifted it to you on level 6 of the Lair of Beasts)

   It protects you from cold.
 q - a +0 robe of positive energy
 x - a +2 robe of the Archmagi (melded)
 y - a +1 pair of boots (melded)
 D - a +0 cloak (melded)
 Q - a +0 helmet (melded)
 X - a +2 buckler of protection (melded)
Magical devices
 t - a wand of random effects (13)
 I - a wand of confusion (14)
 R - a wand of paralysis (8)
 W - a wand of digging (10)
Comestibles
 m - a rotting chunk of orc flesh
 r - 94 fruits
Scrolls
 d - 3 scrolls of identify
 p - 3 scrolls of teleportation
 G - 6 scrolls of remove curse
Jewellery
 b - the amulet of Trog's Castigation (around neck) {rMut Int+3 Slay+4}
   (You bought it in a shop on level 8 of the Dungeon)

   [amulet of resist mutation]

   It protects you from mutation.
   It affects your intelligence (+3).
   It affects your accuracy and damage with ranged weapons and melee attacks
   (+4).
 f - the ring "Ghackaw" (left foreclaw) {rElec EV+4 Str+2 Int+1}
   (You bought it in a shop on level 8 of the Dungeon)

   [ring of evasion]

   It affects your evasion (+4).
   It affects your strength (+2).
   It affects your intelligence (+1).
   It insulates you from electricity.
 u - an uncursed ring of see invisible
 v - a ring of wizardry (right foreclaw)
 A - an uncursed ring of wizardry
 C - an uncursed ring of poison resistance
 Y - the ring "Twyttus" {rElec MR+ Str+3}
   (You took it off a minotaur in a labyrinth)

   [ring of strength]

   It affects your strength (+3).
   It insulates you from electricity.
   It affects your resistance to hostile enchantments.
Potions
 k - a potion of porridge
 s - a potion of might
 E - a potion of magic
 H - a potion of curing
 L - a potion of brilliance
Books
 V - a manual of Throwing
Miscellaneous
 a - a plain deck of summonings {drawn: 2}


   Skills:
 - Level 5.0 Fighting
 - Level 10.0 Throwing
 - Level 15.0 Dodging
 - Level 3.0 Stealth
 - Level 5.0 Shields
 + Level 12.6 Unarmed Combat
 * Level 10.3 Spellcasting
 * Level 14.0 Transmutations
 - Level 6.0 Invocations


You had 5 spell levels left.
You knew the following spells:

 Your Spells              Type           Power        Failure   Level  Hunger
a - Ice Form              Ice/Trmt       #####.....   6%          4    ###....
b - Dragon Form           Trmt           ######....   21%         7    #######
c - Haste                 Chrm           ##......     100%        6    ######.
d - Corona                Hex            ##.....      9%          1    None
e - Apportation           Tloc           ##........   9%          1    None
f - Flight                Chrm/Air       ##........   22%         3    ##.....
g - Deflect Missiles      Chrm/Air       ##........   100%        6    ######.


Dungeon Overview and Level Annotations

Branches:
Dungeon (9/15)             Temple (1/1) D:6             Orc (4/4) D:9
    Elf (0/3) Orc:3          Lair (8/8) D:9          Shoals (0/5) Lair:6
 Spider (0/5) Lair:4        Slime (0/6) Lair:6

Altars:
Ashenzari
Cheibriados
Dithmenos
Elyvilon
Fedhas
Gozag
Kikubaaqudgha
Makhleb
Nemelex Xobeh
Okawaru
Qazlal
Sif Muna
Trog
Vehumet
Xom
Yredelemnul
Zin
The Shining One
Beogh

Shops:
D:8 =   Orc:2 ?=%*   Orc:4 ([*

Annotations:
D:3 exclusion: downstairs
D:6 exclusion: downstairs
D:8 Shop with Arti Jewels, 1 exclusion
Orc:4 Saint Roka
Lair:6 exclusion: oklob plant


Innate Abilities, Weirdness & Mutations

((You revert to your normal form in water.))*
((You are very nimble and swift while swimming.))*
You possess an exceptional clarity of mind.
You are clumsy. (Dex -2)
((Your flesh is cold resistant.))*
((Armour fits poorly on your strangely shaped body.))*
((You are resistant to electric shocks.))*
Your spells are a little harder to cast, but a little more powerful.


Message History

Okawaru accepts your kill.
The orc warrior picks up an uncursed crossbow.
The hellwing gestures at you.
You feel strangely unstable. The sun demon hits you!
* * * LOW HITPOINT WARNING * * *
You are engulfed in flames.
You resist.
* * * LOW HITPOINT WARNING * * *
The orange demon completely misses you.
The orc warrior hits you but does no damage.
The hellwing misses you. The hellwing barely misses you.
The orc high priest invokes the aid of Beogh against you.
Something smites you!
* * * LOW HITPOINT WARNING * * *
An orc warrior comes into view. It is wielding a short sword.
The orc warrior shouts!
The orc wizard gestures wildly while chanting.
The orc wizard blinks!
The orc wizard gestures wildly while chanting.
The orc wizard blinks!
The sun demon hits you!!
You die...

........... ...#.#...
....8..........#.. ...
...P...P......... #.# .
....o...........##.# #o
#.............#.... ...
#))4.............# #.#.
#oo..........)###
#..ยง##34..........)..#
#...Do...........)...
##...............#...
###.................
#....(.#........#.
##.#............##
####...........#.
#.............
#....##..#....
##.####.....#.


You could see an orc high priest (frenzied), a sun demon, an orange demon, a
hellwing, 3 orc warriors and an orc wizard (frenzied).

Vanquished Creatures
  An orc warlord (Orc:4)
  The ghost of WhatIsLove the Hoplite, a powerful FoFi of Okawaru (Lair:2)
  2 dire elephants
  A minotaur (Lab)
  Erica (Lair:1)
  A deep troll shaman (Lair:8)
  12 death yaks
  2 catoblepae
  An orc high priest (Orc:4)
  Nergalle (Orc:2)
  2 orc knights
  4 orc sorcerers (Orc:4)
  A manticore (Lair:6)
  4 black mambas
  3 griffons
  14 elephants
  3 torpor snails
  9 spiny frogs
  7 komodo dragons
  A fire drake (Lair:8)
  2 trolls
  11 blink frogs
  3 polar bears
  Prince Ribbit (D:9)
  A basilisk (Lair:4)
  A boulder beetle (Lair:8)
  A wyvern (D:9)
  A spriggan (Lair:2)
  A deep elf mage (D:9)
  The ghost of deathcap the Ruffian, an average TrMo (D:4)
  Eustachio (D:9)
  11 hippogriffs
  A hungry ghost (D:9)
  A hill giant skeleton (D:9)
  A warg (Orc:4)
  Edmund (D:4)
  17 wolves
  13 water moccasins
  4 porcupines
  3 black bears
  32 yaks
  26 orc warriors
  A yellow wasp (Lair:2)
  2 sky beasts (D:9)
  6 spiders (Lair:4)
  An ice beast (D:5)
  13 ogres
  A necrophage (D:8)
  3 phantoms
  8 centaurs
  2 boring beetles (Lair:6)
  13 crocodiles
  15 big kobolds
  19 giant frogs
  3 scorpions
  3 wights (D:9)
  2 troll zombies (D:9)
  14 killer bees
  2 crimson imps
  3 electric eels
  2 goliath beetles
  2 elf zombies (D:9)
  A jelly (D:8)
  24 orc priests
  26 orc wizards
  15 hounds
  10 iguanas
  3 worker ants
  Ijyb (D:3)
  Jessica (D:3)
  11 sheep
  5 ogre zombies
  31 green rats
  21 adders
  3 gnolls (D:8)
  3 giant mites
  A shadow imp (D:9)
  5 worms
  An adder skeleton (D:7)
  6 giant geckos
  2 oozes
  155 orcs
  12 bats
  A bat skeleton (D:6)
  18 goblins
  11 hobgoblins
  12 jackals
  31 kobolds
  11 quokkas
  A ball python (D:5)
  4 giant cockroaches
  5 giant newts
  A goblin skeleton (D:9)
  A goblin zombie (D:9)
  A hobgoblin skeleton (D:9)
  2 hobgoblin zombies
  5 orc skeletons (D:9)
  11 orc zombies
  11 rats
  A butterfly (Lair:1)
  A fungus (Lair:5)
  3 plants
788 creatures vanquished.

Vanquished Creatures (others)
  An orc (Orc:1)
  33 fungi
  6 plants (Lair:8)
40 creatures vanquished.

Grand Total: 828 creatures vanquished

Notes
Turn   | Place    | Note
--------------------------------------------------------------
     0 | D:1      | Wake, the Merfolk Monk, began the quest for the Orb.
     0 | D:1      | Reached XP level 1. HP: 18/18 MP: 1/1
   625 | D:1      | Reached XP level 2. HP: 21/24 MP: 2/2
  1142 | D:2      | Reached XP level 3. HP: 22/29 MP: 3/3
  1295 | D:2      | Found a snail-covered altar of Cheibriados.
  1368 | D:2      | Reached skill level 5 in Dodging
  1511 | D:2      | Reached XP level 4. HP: 16/35 MP: 4/4
  1811 | D:3      | Noticed Jessica
  1823 | D:3      | Killed Jessica
  1867 | D:3      | Noticed a centaur
  2079 | D:3      | Noticed Ijyb
  2096 | D:3      | Killed Ijyb
  2096 | D:3      | Reached skill level 5 in Unarmed Combat
  2159 | D:3      | Reached XP level 5. HP: 9/42 MP: 5/5
  2616 | D:4      | Found a blossoming altar of Fedhas.
  2616 | D:4      | Noticed a centaur
  2858 | D:4      | Gained mutation: You are clumsy. (Dex -2) [potion of mutation]
  2858 | D:4      | Gained mutation: You are resistant to electric shocks. [potion of mutation]
  2865 | D:4      | Killed a centaur
  2865 | D:4      | Reached skill level 6 in Dodging
  2865 | D:4      | Reached XP level 6. HP: 13/48 MP: 6/6
  2892 | D:4      | Noticed deathcap's ghost (average TrMo)
  3141 | D:4      | Killed deathcap's ghost
  3141 | D:4      | Reached skill level 7 in Dodging
  3381 | D:4      | Noticed Edmund
  3414 | D:4      | Killed Edmund
  3414 | D:4      | Reached XP level 7. HP: 48/54 MP: 7/7
  3502 | D:4      | Reached skill level 1 in Throwing
  3774 | D:4      | Reached skill level 8 in Dodging
  4364 | D:5      | Entered Level 5 of the Dungeon
  4749 | D:5      | Reached XP level 8. HP: 18/60 MP: 8/8
  5030 | D:5      | Reached skill level 9 in Dodging
  6097 | D:6      | Reached skill level 10 in Dodging
  6257 | D:6      | Reached XP level 9. HP: 48/65 MP: 9/9
  6458 | D:6      | Found a staircase to the Ecumenical Temple.
  6467 | Temple   | Entered the Ecumenical Temple
  6521 | Temple   | Became a worshipper of Warmaster Okawaru
  6521 | Temple   | Acquired Okawaru's first power
  7535 | D:7      | Gained mutation: Armour fits poorly on your strangely shaped body. [potion of mutation]
  7562 | D:7      | Reached skill level 10 in Unarmed Combat
  7579 | D:7      | Reached skill level 5 in Throwing
  7581 | D:7      | HP: 3/65 [killer bee (5)]
  7582 | D:7      | HP: 1/65 [killer bee (3)]
  7933 | D:7      | Reached skill level 11 in Dodging
  8003 | D:7      | Reached skill level 1 in Invocations
  8584 | D:7      | Reached XP level 10. HP: 46/71 MP: 13/13
  8791 | D:8      | Found an opulent altar of Gozag.
  9159 | D:8      | Found Batt's Jewellery Boutique.
  9366 | D:8      | Noticed a moth of wrath
  9368 | D:8      | Found a bloodstained altar of Trog.
  9484 | D:8      | Learned a level 1 spell: Apportation
  9615 | D:9      | Noticed Prince Ribbit
  9617 | D:9      | Killed Prince Ribbit
  9812 | D:9      | Found a staircase to the Orcish Mines.
 10164 | D:9      | Received a gift from Okawaru
 10605 | D:9      | Paralysed by a potion of paralysis for 5 turns
 10819 | D:9      | Acquired Okawaru's second power
 10824 | D:9      | Reached skill level 12 in Dodging
 11134 | D:9      | Reached skill level 5 in Invocations
 11141 | D:9      | Reached XP level 11. HP: 49/77 MP: 19/19
 11265 | D:9      | Noticed Eustachio
 11280 | D:9      | Killed Eustachio
 11459 | D:9      | Found a staircase to the Lair.
 11501 | Lair:1   | Entered Level 1 of the Lair of Beasts
 11503 | Lair:1   | Got an iridescent cutlass
 11504 | Lair:1   | Identified the +4 cutlass of Parts Unknown {vamp, rC+ Str-4} (You found it on level 1 of the Lair of Beasts)
 11583 | Lair:1   | Noticed Erica
 11596 | Lair:1   | Killed Erica
 11658 | Lair:1   | Received a gift from Okawaru
 11903 | Lair:1   | Received a gift from Okawaru
 12323 | Lair:2   | Noticed WhatIsLove's ghost (powerful FoFi)
 12432 | Lair:2   | Killed WhatIsLove's ghost
 12432 | Lair:2   | Reached skill level 1 in Shields
 12521 | Lair:2   | Got a silk robe
 12522 | Lair:2   | Identified the cursed -2 robe "Ehink" {Str+3 Int+3} (You found it on level 2 of the Lair of Beasts)
 12541 | Lair:2   | Reached skill level 13 in Dodging
 13184 | Lair:2   | Learned a level 1 spell: Corona
 13972 | Lair:4   | Gained mutation: Your vision is a little blurry. [potion of mutation]
 13972 | Lair:4   | Gained mutation: Your spells are a little harder to cast, but a little more powerful. [potion of mutation]
 13972 | Lair:4   | Gained mutation: You possess an exceptional clarity of mind. [potion of mutation]
 14009 | Lair:4   | Noticed a death yak
 14011 | Lair:4   | Noticed a death yak
 14099 | Lair:4   | Reached XP level 12. HP: 24/83 MP: 22/22
 14373 | Lair:4   | Reached skill level 10 in Throwing
 14530 | Lair:4   | Killed a death yak
 14541 | Lair:4   | Killed a death yak
 14564 | Lair:4   | Reached skill level 14 in Dodging
 14614 | Lair:4   | Learned a level 7 spell: Dragon Form
 14719 | Lair:4   | Reached skill level 5 in Shields
 14719 | Lair:4   | Reached skill level 1 in Transmutations
 14775 | Lair:4   | Reached skill level 1 in Spellcasting
 14992 | Lair:4   | Found a hole to the Spider Nest.
 15257 | Lair:4   | Received a gift from Okawaru
 15534 | Lair:4   | Received a gift from Okawaru
 15534 | Lair:4   | Reached skill level 5 in Transmutations
 16469 | Lair:5   | Received a gift from Okawaru
 16498 | Lair:5   | Noticed a dire elephant
 16525 | Lair:5   | Killed a dire elephant
 16525 | Lair:5   | Received a gift from Okawaru
 16525 | Lair:5   | Reached skill level 5 in Spellcasting
 16525 | Lair:5   | Reached XP level 13. HP: 18/89 MP: 23/25
 16857 | Lair:5   | Learned a level 3 spell: Flight
 17081 | Lair:6   | Found a staircase to the Shoals.
 17105 | Lair:6   | Got an ancient war axe
 17113 | Lair:6   | Found a staircase to the Slime Pits.
 17114 | Lair:6   | Noticed an acid blob
 17280 | Lair:6   | Found a labyrinth entrance.
 17310 | Lab      | Entered a labyrinth
 17620 | Lab      | Found an exit through the horrors of the Abyss.
 17649 | Lab      | Noticed a minotaur
 17652 | Lab      | Paralysed by a minotaur for 5 turns
 17659 | Lab      | Paralysed by a minotaur for 4 turns
 17671 | Lab      | Killed a minotaur
 17671 | Lab      | Reached skill level 5 in Fighting
 17673 | Lab      | Got an ancient lead ring
 17674 | Lab      | Got a brightly glowing leather armour
 17684 | Lab      | Identified the cursed -2 leather armour of the Griffon {MR+} (You took it off a minotaur in a labyrinth)
 17685 | Lab      | Identified the cursed +1 war axe "Kudoapn" {drain, SInv} (You found it on level 6 of the Lair of Beasts)
 17697 | Lab      | Learned a level 4 spell: Ice Form
 17704 | Lab      | Learned a level 6 spell: Haste
 17705 | Lab      | Identified the ring "Twyttus" {rElec MR+ Str+3} (You took it off a minotaur in a labyrinth)
 18327 | Lair:6   | Received a gift from Okawaru
 18328 | Lair:6   | Got a pair of faintly glowing gloves {god gift}
 18341 | Lair:6   | Identified the +1 pair of gloves of Disaster {rC+} (Okawaru gifted it to you on level 6 of the Lair of Beasts)
 18397 | Lair:7   | Reached skill level 10 in Transmutations
 18609 | Lair:7   | Noticed Wake's illusion
 19767 | Lair:8   | Entered Level 8 of the Lair of Beasts
 20197 | Lair:8   | Reached skill level 15 in Dodging
 20197 | Lair:8   | Reached XP level 14. HP: 58/98 MP: 30/30
 20548 | Lair:8   | Received a gift from Okawaru
 21131 | Lair:8   | Learned a level 6 spell: Deflect Missiles
 21846 | Lair:8   | Noticed a dire elephant
 21877 | Lair:8   | Killed a dire elephant
 23073 | D:8      | Bought the amulet of Trog's Castigation {rMut Int+3 Slay+4} for 981 gold pieces
 23122 | Orc:1    | Entered Level 1 of the Orcish Mines
 23457 | Orc:1    | Found a roughly hewn altar of Beogh.
 23552 | Orc:2    | Found Suroqau's Food Boutique.
 23590 | Orc:2    | Found Kuanwuci's Magic Scroll Emporium.
 23593 | Orc:2    | Found Loih Risaras' Jewellery Emporium.
 23827 | D:8      | Bought the ring "Ghackaw" {rElec EV+4 Str+2 Int+1} for 788 gold pieces
 23974 | Orc:2    | Noticed Nergalle
 23982 | Orc:2    | Killed Nergalle
 24118 | Orc:2    | Found Zahuledd's General Store.
 24131 | Orc:2    | Received a gift from Okawaru
 24281 | Orc:1    | Lost mutation: Your vision is a little blurry. [miscasting Dragon Form]
 24924 | Orc:3    | Found a roughly hewn altar of Beogh.
 24969 | Orc:3    | Gained mutation: Your flesh is cold resistant. [mutagenic glow]
 25250 | Orc:3    | Found a staircase to the Elven Halls.
 25258 | Orc:3    | Found an iron altar of Okawaru.
 25449 | Orc:4    | Entered Level 4 of the Orcish Mines
 25492 | Orc:4    | Reached skill level 10 in Spellcasting
 25496 | Orc:4    | Found Kevucs' Antique Weapon Emporium.
 25624 | Orc:4    | Found Stroch's Antique Armour Emporium.
 25661 | Orc:4    | Noticed Saint Roka
 25999 | Orc:4    | Noticed an orc warlord
 26000 | Orc:4    | Found Dacaiz Dotig's General Store.
 26010 | Orc:4    | Killed an orc warlord
 26014 | Orc:4    | Slain by a sun demon

Action                   |  1- 3 |  4- 6 |  7- 9 | 10-12 | 13-15 || total
-------------------------+-------+-------+-------+-------+-------++-------
Melee: Unarmed           |   106 |   104 |   471 |  1181 |  1150 ||  3012
 Fire: Blowgun           |       |     8 |    61 |    49 |    31 ||   149
Throw: Tomahawk          |       |       |    58 |    77 |    89 ||   224
       Javelin           |       |       |       |    71 |    53 ||   124
 Cast: Ice Form          |       |       |       |       |     3 ||     3
       Dragon Form       |       |       |       |       |    11 ||    11
Invok: Heroism           |       |       |     2 |     8 |     8 ||    18
       Finesse           |       |       |       |     2 |     2 ||     4
 Abil: Breathe Fire      |       |       |       |       |     9 ||     9
       End Transformatio |       |       |       |       |     1 ||     1
Evoke: Wand              |       |     1 |       |    15 |    16 ||    32
       Deck              |       |       |       |       |     2 ||     2
  Use: Potion            |       |     5 |     4 |    10 |     2 ||    21
       Scroll            |       |     3 |    12 |     7 |     8 ||    30
 Stab: Sleeping          |     5 |     9 |    14 |    10 |     6 ||    44
       Distracted        |       |       |     3 |     1 |     1 ||     5
       Petrified         |       |       |       |       |     1 ||     1
